 Dungeon Crawl Stone Soup version 0.26-a0-519-gb2f46efeda (webtiles) character file.

Game seed: 15824763876249214514

29 Ge0ff the Sneak (level 3, 0/23 HPs)
             Began as a Kobold Delver on Aug 10, 2020.
             Succumbed to an adder's poison
             ... on level 4 of the Dungeon.
             The game lasted 00:03:10 (346 turns).

Ge0ff the Sneak (Kobold Delver)                      Turns: 346, Time: 00:03:10

Health: 0/23       AC:  3    Str:  9    XL:     3   Next: 32%
Magic:  3/3        EV: 14    Int: 11    God:
Gold:   11         SH:  0    Dex: 17    Spells: 2/2 levels left

rFire    . . .     SeeInvis .   a - +0 short sword
rCold    . . .     Faith    .   (shield restricted)
rNeg     . . .     Spirit   .   b - +0 leather armour
rPois    .         Reflect  .   (no helmet)
rElec    .         Harm     .   (no cloak)
rCorr    .                      (no gloves)
MR       .....                  (no boots)
Stlth    ++++......             (no amulet)
HPRegen  0.07/turn              (no ring)
MPRegen  0.08/turn              (no ring)

@: mighty, lethally poisoned (0 -> -10), flying, very slightly contaminated,
invisible
A: small, nightstalker 3
a: no special abilities


You were on level 4 of the Dungeon.
You visited 1 branch of the dungeon, and saw 2 of its levels.

You collected 11 gold pieces.

Inventory:

Hand Weapons
 a - a +0 short sword (weapon)
Armour
 b - a +0 leather armour (worn)
 L - a +0 ring mail
Wands
 d - a wand of digging (3)
Scrolls
 m - a scroll of magic mapping
 E - a scroll of fear
 F - a scroll of fog
Potions
 M - a potion of lignification {unknown}


   Skills:
 - Level 3.2 Fighting
 + Level 4.7 Short Blades
 - Level 2.4 Dodging
 - Level 6.6 Stealth


You had 2 spell levels left.
You didn't know any spells.
Your spell library was empty.

Dungeon Overview and Level Annotations

Branches:
Dungeon (5/15)
 Temple: D:4-7

Altars:


Innate Abilities, Weirdness & Mutations

You are small and have problems with some larger weapons.
You are completely attuned to the shadows.


Message History

You miss the adder.
The adder is almost dead.
The adder bites you.
You are lethally poisoned!
The adder poisons you!
You miss the adder.
The adder is severely wounded.
You feel sick. The adder bites you. The adder closely misses you.
It was a potion of flight.
You feel very buoyant.
You fly up into the air.
You feel sick. The adder bites you.
* * * LOW HITPOINT WARNING * * *
It was a potion of invisibility.
You fade into invisibility!
* * * LOW HITPOINT WARNING * * *
You feel sick. The adder closely misses you.
You are very lightly contaminated with residual magic.
It was a potion of might.
You feel very mighty all of a sudden.
You die...

##....#..##.
#######......l..l.
.#####........#.####...
.......##....##.# #...
a?...####.##.#..####...
.....##..$...#.#.......
.................###...
.....#......##.#####...
w...#@.....##.........
....##S.....#.........
........... ........
....#.....# #........
.........#. #.........
####.#..... ..........
........# .#........
........#. #.........
....S##... ).........


You could see an adder.

Vanquished Creatures
  Natasha (D:4)
  An orc (D:4)
  A quokka (D:4)
  A leopard gecko skeleton (D:4)
4 creatures vanquished.

Notes
Turn   | Place    | Note
-------+----------+-------------------------------------------
     0 | D:5      | Ge0ff the Kobold Delver began the quest for the Orb.
     0 | D:5      | Reached XP level 1. HP: 14/14 MP: 1/1
     8 | D:5      | Noticed a sky beast
   128 | D:4      | Noticed Natasha
   132 | D:4      | Killed Natasha
   132 | D:4      | Reached XP level 2. HP: 10/19 MP: 2/2
   132 | D:4      | Reached XP level 3. HP: 13/23 MP: 3/3
   345 | D:4      | HP: 1/23 [poisoned by an adder]
   346 | D:4      | Succumbed to an adder's poison

Illustrated notes

Levels and vault maps discovered:
D:4:      layout_rooms, gammafunk_temple_overflow_wave,
          minmay_temple_entry_gardened_gates, minmay_misc_feat_diagonals,
          uniq_natasha
D:5:      layout_basic, vehumet_statue

Skill      XL: |  1 |
---------------+----+-----
Short Blades   | 4 |  4.7
Fighting       | |  3.2
Dodging        | |  2.4
Stealth        | |  6.6

Action                   || total
-------------------------++-------
Melee: Short sword       ||    46
  Use: Potion            ||     4
 Stab: Sleeping          ||     1
Armor: Leather armour    ||     2
Dodge: Dodged            ||    25

Table legend: (Time is in decaauts)
 A = Elapsed time spent in this place.
 B = Non-inter-level travel time spent in this place.
 C = Inter-level travel time spent in this place.
 D = Time resting spent in this place.
 E = Time spent auto-exploring this place.
 F = Levels seen in this place.
 G = Mean time per level.
                   A        B        C        D        E       F      G
               +--------+--------+--------+--------+--------+-----+--------+
         Total |    325 |    325 |      0 |    150 |      0 |   2 |  162.5 |
       Dungeon |    325 |    325 |      0 |    150 |      0 |   2 |  162.5 |
               +--------+--------+--------+--------+--------+-----+--------+

Top non-repeatable levels by time:
     D:4: 299 daAuts
     D:5: 26 daAuts
